 Dungeon Crawl Stone Soup version 0.29.1-15-g9cfb28693d (webtiles) character file.

Game seed: 17268609817602713481

1642 javelincjr the Conjurer (level 8, 0/60 HPs)
             Began as a Gnoll Conjurer on Apr 9, 2023.
             Was a Believer of Sif Muna.
             Slain by a gnoll sergeant
             ... wielding a +3 vorpal spear
              (1 damage)
             ... on level 6 of the Dungeon.
             The game lasted 00:18:53 (6317 turns).

javelincjr the Conjurer (Gnoll Conjurer)            Turns: 6317, Time: 00:18:53

Health: 0/60       AC: 10    Str:  9    XL:     8   Next: 99%
Magic:  2/17       EV: 11    Int: 17    God:    Sif Muna [**....]
Gold:   429        SH:  0    Dex: 11    Spells: 15/19 levels left

rFire   . . .      SeeInvis +   x - +3 short sword
rCold   + . .      Faith    .   (no shield)
rNeg    . . .      Spirit   .   c - +1 ring mail {Will+}
rPois   .          Reflect  .   g - +1 helmet of the Fisher {rElec rC+ Regen+ SInv}
rElec   +          Harm     .   (no cloak)
rCorr   .          Rampage  .   B - +0 pair of gloves
Will    +....                   (no boots)
Stlth   ++........              (no amulet)
HPRegen 1.00/turn               (no ring)
MPRegen 0.15/turn               (no ring)

@: no status effects
A: fangs 1, strong nose, distributed training
a: Renounce Religion, Channel Magic


You were on level 6 of the Dungeon.
You worshipped Sif Muna.
Sif Muna was pleased with you.
You visited 2 branches of the dungeon, and saw 7 of its levels.

You collected 429 gold pieces.

Inventory:

Hand Weapons
 x - a +3 short sword (weapon)
 z - a +2 flail of protection
 C - a +2 whip of draining
Missiles
 w - 5 boomerangs of dispersal
Armour
 a - a +0 robe
 c - a +1 ring mail of willpower (worn)
 d - a +0 chain mail
 g - the +1 helmet of the Fisher (worn) {rElec rC+ Regen+ SInv}
   (You took it off Robin on level 4 of the Dungeon)

   rC:        It protects you from cold.
   rElec:     It insulates you from electricity.
   SInv:      It lets you see invisible.
   Regen:     It increases your rate of health regeneration.
 B - a +0 pair of gloves (worn)
Magical Staves
 p - a staff of fire
 t - a staff of death
Jewellery
 y - a ring of see invisible
Scrolls
 e - a scroll of enchant weapon
 k - a scroll of acquirement {unknown}
 m - a scroll of enchant armour {unknown}
 r - 2 scrolls of teleportation
 s - a scroll of magic mapping
 v - a scroll of blinking
 A - a scroll of identify
 D - a scroll of fear {unknown}
Potions
 b - 2 potions of magic
 f - a potion of cancellation {unknown}
 h - 3 potions of attraction
 i - 2 potions of might
 j - a potion of berserk rage {unknown}
 l - 2 potions of lignification
 n - 3 potions of curing {unknown}
 o - a potion of ambrosia {unknown}
 q - a potion of heal wounds {unknown}
 u - 2 potions of mutation {unknown}


   Skills:
 + Level 3.9 Fighting
 + Level 3.9 Short Blades
 + Level 3.9 Long Blades
 + Level 3.9 Axes
 + Level 3.9 Maces & Flails
 + Level 3.9 Polearms
 + Level 3.9 Staves
 + Level 3.9 Ranged Weapons
 + Level 3.9 Throwing
 + Level 3.9 Armour
 + Level 6.1 Dodging
 + Level 5.8 Stealth
 + Level 3.9 Shields
 + Level 3.9 Unarmed Combat
 + Level 6.4 Spellcasting
 + Level 7.9 Conjurations
 + Level 3.2 Hexes
 + Level 3.2 Summonings
 + Level 3.2 Necromancy
 + Level 3.2 Translocations
 + Level 3.2 Transmutations
 + Level 3.2 Fire Magic
 + Level 3.2 Ice Magic
 + Level 3.2 Air Magic
 + Level 3.2 Earth Magic
 + Level 3.2 Poison Magic
 + Level 4.3 Invocations
 + Level 3.9 Evocations


You had 15 spell levels left.
You knew the following spells:

 Your Spells              Type           Power      Damage    Failure   Level
a - Magic Dart            Conj           100%       1d8       1%          1
b - Shock                 Conj/Air       96%        1d9       3%          1
c - Searing Ray           Conj           64%        2d6       1%          2

Your spell library contained the following spells:

 Spells                   Type           Power      Damage    Failure   Level
 Dazzling Flash           Conj/Hex       48%        N/A       10%         3
 Ensorcelled Hibernation  Hex/Ice        32%        N/A       13%         2
 Passwall                 Tmut/Erth      13%        N/A       13%         2
 Frozen Ramparts          Ice            32%        1d5       26%         3
 Summon Guardian Golem    Hex/Summ       16%        N/A       26%         3
 Swiftness                Air            16%        N/A       26%         3
 Fulminant Prism          Conj/Hex       12%        3d9       32%         4
 Iskenderun's Mystic Bla  Conj/Tloc      24%        2d7       32%         4
 Airstrike                Air            8%         2d(2-18)  65%         4
 Ice Form                 Ice/Tmut       16%        N/A       65%         4
 Summon Ice Beast         Ice/Summ       16%        N/A       65%         4
 Starburst                Conj/Fire      12%        6d5       99%         6
 Orb of Destruction       Conj           16%        9d7       100%        7
 Spellforged Servitor     Conj/Summ      12%        N/A       100%        7


Dungeon Overview and Level Annotations

Branches:
Dungeon (6/15)             Temple (1/1) D:4

Altars:
Ashenzari
Cheibriados
Elyvilon
Fedhas
Gozag
Hepliaklqana
Kikubaaqudgha
Nemelex Xobeh
Okawaru
Ru
Sif Muna
Trog
Uskayaw
Vehumet
Wu Jian
Yredelemnul
Zin
The Shining One

Shops:
D:5 *

Annotations:
D:3 exclusion: statue


Innate Abilities, Weirdness & Mutations

You have very sharp teeth.
Your uncanny sense of smell can sniff out nearby items.
Your experience applies equally to all skills.


Message History

The gnoll shouts!
You hit the gnoll sergeant but do no damage.
You hit the gnoll sergeant.
You bite the gnoll sergeant, but do no damage.
The gnoll sergeant is lightly wounded.
The gnoll sergeant closely misses you.
You closely miss the gnoll sergeant.
The gnoll sergeant is lightly wounded.
The gnoll sergeant misses you.
You hit the gnoll sergeant.
The gnoll sergeant is lightly wounded.
The gnoll sergeant barely misses you.
You closely miss the gnoll sergeant.
The gnoll sergeant is lightly wounded.
The gnoll sergeant barely misses you.
You hit the gnoll sergeant.
You bite the gnoll sergeant, but do no damage.
The gnoll sergeant is moderately wounded.
The gnoll sergeant hits you with a +3 vorpal spear!
You hit the gnoll sergeant.
The gnoll sergeant is heavily wounded.
The gnoll sergeant closely misses you.
You hit the gnoll sergeant but do no damage.
The gnoll sergeant is heavily wounded.
The gnoll sergeant hits you with a +3 vorpal spear!
* * * LOW HITPOINT WARNING * * *
x2 You barely miss the gnoll sergeant.
You punch the gnoll sergeant, but do no damage.
Your bite misses the gnoll sergeant.
The gnoll sergeant is heavily wounded.
The gnoll sergeant barely misses you.
You hit the gnoll sergeant.
The gnoll sergeant is heavily wounded.
The gnoll sergeant hits you with a +3 vorpal spear!
* * * LOW HITPOINT WARNING * * *
x2 You hit the gnoll sergeant but do no damage.
The gnoll sergeant is heavily wounded.
The gnoll sergeant hits you with a +3 vorpal spear!
* * * LOW HITPOINT WARNING * * *
You die...

$# # # .#.#.#.# .#.#.
.#.#.#.#.# #.#.###
..#.#o#.#.#.#....#
o'#g#.#.#.#.#...#
#.#.#.#.#g#+...#
#.#.#.#.#F#...## ###
#.#.#.#.#.#.#g....###....
#......))).))@..........
#...#####'#######'####...
.#..###.....###.....###..
#.#.##.....###.....####..
.#..#.....###.....###.#..
#.#.#....###.....###..#..
'#..'...###.....###...+..
...#.#..######'####....#..
...+.#.###.#.....#.....#..


You could see a gnoll sergeant, a bullfrog and a gnoll.

Vanquished Creatures
  Sigmund (D:4)
  Edmund (D:5)
  A centaur (D:5)
  3 ogres (D:5)
  2 phantoms
  A bullfrog (D:6)
  2 scorpions
  3 necrophages
  A howler monkey (D:6)
  A jelly (D:5)
  A hound (D:5)
  3 orc priests
  4 iguanas
  Robin (D:4)
  4 gnolls (D:6)
  7 adders
  3 ufetubi
  2 worms
  2 dart slugs
  17 orcs
  8 endoplasms
  A giant cockroach (D:3)
  6 hobgoblins
  6 jackals
  7 kobolds
  2 quokkas (D:4)
  10 ball pythons
  8 bats
  4 frilled lizards
  21 goblins
  4 rats
137 creatures vanquished.

Vanquished Creatures (others)
  A withered plant (D:5)
1 creature vanquished.

Grand Total: 138 creatures vanquished

Notes
Turn   | Place    | Note
-------+----------+-------------------------------------------
     0 | D:1      | javelincjr the Gnoll Conjurer began the quest for the Orb.
     0 | D:1      | Reached XP level 1. HP: 13/13 MP: 6/6
   156 | D:1      | Reached XP level 2. HP: 19/19 MP: 5/7
   467 | D:1      | Reached skill level 5 in Spellcasting
   467 | D:1      | Reached XP level 3. HP: 10/25 MP: 1/9
   570 | D:1      | Learned a level 1 spell: Shock
   891 | D:1      | Found a faded altar of an unknown god.
   900 | D:1      | Prayed at the altar of an unknown god.
   900 | D:1      | Became a worshipper of Elyvilon the Healer
   900 | D:1      | Reached * piety under Elyvilon
   927 | D:1      | Reached skill level 1 in Invocations
  1569 | D:2      | Reached skill level 1 in Fighting
  1569 | D:2      | Reached skill level 1 in Short Blades
  1569 | D:2      | Reached skill level 1 in Long Blades
  1569 | D:2      | Reached skill level 1 in Axes
  1569 | D:2      | Reached skill level 1 in Maces & Flails
  1569 | D:2      | Reached skill level 1 in Polearms
  1569 | D:2      | Reached skill level 1 in Staves
  1569 | D:2      | Reached skill level 1 in Ranged Weapons
  1569 | D:2      | Reached skill level 1 in Throwing
  1569 | D:2      | Reached skill level 1 in Armour
  1569 | D:2      | Reached skill level 1 in Shields
  1569 | D:2      | Reached skill level 1 in Unarmed Combat
  1569 | D:2      | Reached skill level 1 in Evocations
  1905 | D:3      | Reached ** piety under Elyvilon
  1974 | D:3      | Reached XP level 4. HP: 32/32 MP: 9/11
  2336 | D:3      | Reached skill level 1 in Hexes
  2336 | D:3      | Reached skill level 1 in Summonings
  2336 | D:3      | Reached skill level 1 in Necromancy
  2336 | D:3      | Reached skill level 1 in Translocations
  2336 | D:3      | Reached skill level 1 in Transmutations
  2336 | D:3      | Reached skill level 1 in Fire Magic
  2336 | D:3      | Reached skill level 1 in Ice Magic
  2336 | D:3      | Reached skill level 1 in Air Magic
  2336 | D:3      | Reached skill level 1 in Earth Magic
  2336 | D:3      | Reached skill level 1 in Poison Magic
  2499 | D:3      | Found a radiant altar of Vehumet.
  2499 | D:3      | Noticed a charred statue
  2706 | D:3      | Learned a level 2 spell: Searing Ray
  3054 | D:4      | Noticed a necrophage
  3061 | D:4      | Killed a necrophage
  3062 | D:4      | Reached XP level 5. HP: 24/37 MP: 3/12
  3181 | D:4      | Found a staircase to the Ecumenical Temple.
  3197 | Temple   | Entered the Ecumenical Temple
  3327 | Temple   | Fell from the grace of Elyvilon
  3327 | Temple   | Became a worshipper of Sif Muna the Loreminder
  3410 | D:4      | Identified the +1 helmet of the Fisher {rElec rC+ Regen+
                  | SInv}
  3410 | D:4      | Noticed Robin
  3441 | D:4      | Killed Robin
  3641 | D:4      | Noticed Sigmund
  3650 | D:4      | Killed Sigmund
  3651 | D:4      | Reached skill level 5 in Dodging
  3651 | D:4      | Reached XP level 6. HP: 44/44 MP: 3/14
  4010 | D:4      | Reached * piety under Sif Muna
  4231 | D:4      | Found a hide-covered altar of Uskayaw.
  4231 | D:4      | Found a faded altar of an unknown god.
  4239 | D:4      | Found a white marble altar of Elyvilon.
  4241 | D:4      | Found an ornate altar of the Wu Jian Council.
  4243 | D:4      | Found a broken altar of Ashenzari.
  4378 | D:4      | Reached XP level 7. HP: 51/51 MP: 6/15
  4789 | D:5      | Entered Level 5 of the Dungeon
  4821 | D:5      | Reached skill level 5 in Stealth
  4957 | D:5      | Found an ancient bone altar of Kikubaaqudgha.
  5013 | D:5      | Found an iron altar of Okawaru.
  5128 | D:5      | Noticed Edmund
  5133 | D:5      | Reached XP level 8. HP: 58/58 MP: 8/16
  5153 | D:5      | Killed Edmund
  5379 | D:5      | Reached ** piety under Sif Muna
  5595 | D:5      | Found a sparkling altar of Nemelex Xobeh.
  5797 | D:5      | Found Zin's Purification Station.
  5799 | D:5      | Found a glowing silver altar of Zin.
  6317 | D:6      | HP: 1/60 [gnoll sergeant/+3 vorpal spear (8)]
  6317 | D:6      | Slain by a gnoll sergeant

Illustrated notes

Levels and vault maps discovered:
D:1:      dpeg_arrival_tiny_a, layout_loops_ring, ebering_ecumenical_altar_mist
D:2:      layout_basic
D:3:      layout_rooms, vehumet_statue
D:4:      minmay_bubble_buster, layout_basic,
          chequers_temple_overflow_minitemple,
          minmay_temple_entry_statues_pillars, uniq_robin, uniq_sigmund
D:5:      layout_loops_ring, zin_purify, nemelex_dance_club_becter,
          nicolae_overflow_crystal_walls, kiku_gazebo_garden_becter,
          minivault_14, chequers_serial_rivers_micro_b, uniq_edmund
D:6:      layout_basic, lemuel_crystal_altar, grunt_dithmenos_shadows,
          minmay_quadrilaterals, uniq_grinder
Temple:   nicolae_temple_figure_zero

Skill      XL: |  1  2  3  4  5  6  7  8 |
---------------+-------------------------+-----
Spellcasting   | 5 6 |  6.4
Invocations    | 1 2 3 4 |  4.3
Fighting       | 1 2 3 |  3.9
Short Blades   | 1 2 3 |  3.9
Long Blades    | 1 2 3 |  3.9
Axes           | 1 2 3 |  3.9
Maces & Flails | 1 2 3 |  3.9
Polearms       | 1 2 3 |  3.9
Staves         | 1 2 3 |  3.9
Ranged Weapons | 1 2 3 |  3.9
Throwing       | 1 2 3 |  3.9
Armour         | 1 2 3 |  3.9
Shields        | 1 2 3 |  3.9
Unarmed Combat | 1 2 3 |  3.9
Evocations     | 1 2 3 |  3.9
Hexes          | 1 2 3 |  3.2
Summonings     | 1 2 3 |  3.2
Necromancy     | 1 2 3 |  3.2
Translocations | 1 2 3 |  3.2
Transmutations | 1 2 3 |  3.2
Fire Magic     | 1 2 3 |  3.2
Ice Magic      | 1 2 3 |  3.2
Air Magic      | 1 2 3 |  3.2
Earth Magic    | 1 2 3 |  3.2
Poison Magic   | 1 2 3 |  3.2
Dodging        | 5 6 |  6.1
Stealth        | 5 |  5.8
Conjurations   | |  7.9

Action                   |  1- 3 |  4- 6 |  7- 9 || total
-------------------------+-------+-------+-------++-------
Melee: Unarmed           |    23 |       |       ||    23
       Bite              |     4 |     8 |     5 ||    17
       Staff             |       |    35 |     4 ||    39
       Short sword       |       |       |    17 ||    17
       Punch             |       |       |     1 ||     1
 Cast: Magic Dart        |    36 |       |     2 ||    38
       Shock             |    31 |   107 |    91 ||   229
       Searing Ray       |       |     4 |    18 ||    22
  Use: Scroll            |       |    11 |       ||    11
       Potion            |       |       |     1 ||     1
Armor: Ring mail         |    19 |    20 |    26 ||    65
Dodge: Dodged            |    29 |    38 |    56 ||   123
